[ AOE2 MATCH · #478549026 ]
UnrankedPersians vs Georgians
[ REPLAY ANALYSIS · EXTRACTED FROM THE RECORDED GAME ]
Feudal
12:00
Castle
17:27
Imperial
33:52
| APM avg | 32.2 |
| APM peak | 75 |
| eAPM avg | 18.5 |
| Villagers / military | 107 / 95 |
Focus
⚔️ 31.7% · 🌾 68.3%
Knight ×84 · Battering Ram ×5 · Scorpion ×4 · Mangonel ×2
Feudal
14:14
Castle
18:10
Imperial
—
| APM avg | 9.1 |
| APM peak | 31 |
| eAPM avg | 5.2 |
| Villagers / military | 46 / 4 |
Focus
⚔️ 17.3% · 🌾 82.7%
Monaspa ×3 · Mangonel ×1
Feudal
15:35
Castle
21:15
Imperial
—
| APM avg | 11.0 |
| APM peak | 49 |
| eAPM avg | 6.8 |
| Villagers / military | 34 / 3 |
Focus
⚔️ 34.2% · 🌾 65.8%
Monk ×2 · Scorpion ×1
Feudal
13:19
Castle
19:44
Imperial
39:15
| APM avg | 31.1 |
| APM peak | 57 |
| eAPM avg | 19.5 |
| Villagers / military | 120 / 1 |
Focus
⚔️ 24.2% · 🌾 75.8%
Unknown (1949) ×27 · Monk ×1
Feudal
15:08
Castle
19:56
Imperial
—
| APM avg | 25.6 |
| APM peak | 85 |
| eAPM avg | 12.9 |
| Villagers / military | 73 / 10 |
Focus
⚔️ 20.8% · 🌾 79.2%
Fishing Ship ×9 · Fire Lancer ×8 · Demolition Raft ×2
Feudal
14:35
Castle
19:47
Imperial
43:08
| APM avg | 16.7 |
| APM peak | 42 |
| eAPM avg | 11.5 |
| Villagers / military | 76 / 20 |
Focus
⚔️ 12.4% · 🌾 87.6%
Knight ×13 · Spearman ×3 · Battering Ram ×2 · Mangonel ×1 · Serjeant ×1
Feudal
—
Castle
—
Imperial
—
| APM avg | 36.3 |
| APM peak | 65 |
| eAPM avg | 16.5 |
| Villagers / military | 68 / 37 |
Focus
⚔️ 23.9% · 🌾 76.1%
Archer ×19 · Cavalry Archer ×13 · Spearman ×3 · Scout Cavalry ×2
Feudal
13:15
Castle
22:10
Imperial
35:22
| APM avg | 43.9 |
| APM peak | 102 |
| eAPM avg | 22.1 |
| Villagers / military | 145 / 86 |
Focus
⚔️ 26.9% · 🌾 73.1%
Scout Cavalry ×82 · Scorpion ×3 · Monk ×1
Match map
Initial resources + every placement click. Lines = walls · curves = elevation contours. ◆ gold · ⬟ stone · ● berries · ✦ relic · ◌ wall gap
Your base· Open — unwalled flank
Jarl__UA's base· Open — unwalled flank
Chigüiro's base· Open — unwalled flank
chaukimwa1991's base· Open — unwalled flank
AkNeyls's base· Open — 14t gap
Heztai's base· Open — 8t gap
NSlade8863's base· Open — unwalled flank
Klingon86's base· Open — 3t gap
Smoothed initial terrain · ◌ = detected wall gap · hover for details
Inputs per minute
— eletronvalente - - Jarl__UA
Build order — eletronvalente
First 150 of 303 actions detected
| 0:09 | Build | Town Center |
| 2:42 | Build | House |
| 2:43 | Create | Villager (Male) |
| 2:43 | Create | Villager (Male) |
| 2:43 | Create | Villager (Male) |
| 3:13 | Build | Mill |
| 3:52 | Research | Loom |
| 3:54 | Create | Villager (Male) |
| 4:20 | Create | Villager (Male) |
| 4:20 | Create | Villager (Male) |
| 4:20 | Create | Villager (Male) |
| 4:54 | Build | House |
| 5:08 | Create | Villager (Male) |
| 5:09 | Create | Villager (Male) |
| 5:09 | Create | Villager (Male) |
| 5:32 | Create | Villager (Male) |
| 5:32 | Create | Villager (Male) |
| 5:33 | Create | Villager (Male) |
| 5:47 | Create | Villager (Male) |
| 5:48 | Create | Villager (Male) |
| 5:48 | Create | Villager (Male) |
| 5:48 | Create | Villager (Male) |
| 6:26 | Create | Villager (Male) |
| 6:32 | Build | House |
| 7:02 | Create | Villager (Male) |
| 7:16 | Create | Villager (Male) |
| 7:43 | Create | Villager (Male) |
| 8:02 | Create | Villager (Male) |
| 8:09 | Create | Villager (Male) |
| 8:26 | Create | Villager (Male) |
| 8:31 | Build | House |
| 9:08 | Build | Lumber Camp |
| 9:09 | Create | Villager (Male) |
| 9:51 | Create | Villager (Male) |
| 9:52 | Create | Villager (Male) |
| 9:52 | Create | Villager (Male) |
| 9:52 | Create | Villager (Male) |
| 9:56 | Research | Feudal Age |
| 9:56 | Research | Feudal Age |
| 10:30 | Build | Palisade Gate |
| 10:35 | Build | Palisade Wall |
| 10:51 | Create | Villager (Male) |
| 11:50 | Create | Villager (Male) |
| 12:00 | Age | Feudal Age |
| 12:04 | Build | Market |
| 12:07 | Build | Blacksmith |
| 12:08 | Create | Villager (Male) |
| 12:28 | Build | House |
| 12:32 | Build | House |
| 12:37 | Create | Villager (Male) |
| 13:09 | Create | Villager (Male) |
| 13:44 | Build | Barracks |
| 13:45 | Create | Villager (Male) |
| 14:08 | Create | Villager (Male) |
| 14:35 | Create | Villager (Male) |
| 14:54 | Research | Castle Age |
| 15:11 | Build | Palisade Wall |
| 15:16 | Create | Villager (Male) |
| 15:44 | Build | Stable |
| 16:17 | Research | Double-Bit Axe |
| 16:22 | Build | House |
| 16:23 | Build | House |
| 16:51 | Build | House |
| 17:27 | Age | Castle Age |
| 17:32 | Create | Knight |
| 17:32 | Create | Knight |
| 17:37 | Create | Villager (Male) |
| 18:00 | Create | Knight |
| 18:22 | Create | Villager (Male) |
| 18:22 | Create | Villager (Male) |
| 18:33 | Create | Knight |
| 18:41 | Research | Scale Barding Armor |
| 19:13 | Create | Villager (Male) |
| 19:16 | Build | Town Center |
| 19:52 | Create | Knight |
| 19:53 | Create | Villager (Male) |
| 19:57 | Build | Siege Workshop |
| 20:28 | Create | Villager (Male) |
| 20:29 | Create | Villager (Male) |
| 20:34 | Create | Scorpion |
| 20:49 | Create | Villager (Male) |
| 20:55 | Create | Scorpion |
| 20:55 | Create | Scorpion |
| 20:57 | Create | Villager (Male) |
| 21:01 | Build | House |
| 21:09 | Create | Knight |
| 21:41 | Create | Scorpion |
| 21:41 | Create | Villager (Male) |
| 21:42 | Create | Villager (Male) |
| 21:58 | Create | Battering Ram |
| 21:58 | Create | Battering Ram |
| 22:06 | Create | Villager (Male) |
| 22:07 | Create | Villager (Male) |
| 22:07 | Create | Villager (Male) |
| 22:33 | Create | Mangonel |
| 22:33 | Create | Mangonel |
| 22:38 | Create | Villager (Male) |
| 22:39 | Create | Villager (Male) |
| 22:40 | Create | Villager (Male) |
| 22:43 | Build | Farm |
| 22:44 | Build | Farm |
| 22:44 | Build | Farm |
| 22:44 | Build | Farm |
| 22:44 | Build | Farm |
| 22:45 | Build | Farm |
| 22:45 | Build | Farm |
| 23:04 | Create | Villager (Male) |
| 23:04 | Create | Villager (Male) |
| 23:10 | Build | House |
| 23:10 | Build | House |
| 23:28 | Create | Knight |
| 24:01 | Create | Villager (Male) |
| 24:02 | Create | Villager (Male) |
| 24:07 | Create | Battering Ram |
| 24:14 | Create | Villager (Male) |
| 24:14 | Create | Villager (Male) |
| 24:20 | Build | House |
| 24:20 | Build | House |
| 24:28 | Build | Mill |
| 24:40 | Create | Battering Ram |
| 24:40 | Create | Battering Ram |
| 24:42 | Create | Villager (Male) |
| 24:42 | Create | Villager (Male) |
| 24:55 | Create | Knight |
| 24:56 | Create | Knight |
| 25:18 | Create | Villager (Male) |
| 25:18 | Create | Villager (Male) |
| 25:21 | Build | House |
| 25:21 | Build | House |
| 25:53 | Create | Knight |
| 25:54 | Create | Knight |
| 25:54 | Create | Knight |
| 25:55 | Create | Knight |
| 25:55 | Create | Knight |
| 25:55 | Create | Knight |
| 26:00 | Create | Villager (Male) |
| 26:00 | Create | Villager (Male) |
| 26:00 | Create | Villager (Male) |
| 26:42 | Create | Villager (Male) |
| 26:42 | Create | Villager (Male) |
| 26:47 | Build | Farm |
| 26:47 | Build | Farm |
| 26:47 | Build | Farm |
| 26:48 | Build | Farm |
| 26:48 | Build | Farm |
| 26:48 | Build | Farm |
| 26:48 | Build | Farm |
| 26:48 | Build | Farm |
| 26:49 | Build | Farm |
| 26:49 | Build | Farm |
Build order — Jarl__UA
88 actions detected in the replay
| 1:37 | Build | Town Center |
| 2:46 | Build | House |
| 3:57 | Create | Villager (Male) |
| 3:57 | Create | Villager (Male) |
| 3:57 | Create | Villager (Male) |
| 3:58 | Create | Villager (Male) |
| 5:25 | Create | Villager (Male) |
| 5:26 | Create | Villager (Male) |
| 5:26 | Create | Villager (Male) |
| 6:11 | Create | Villager (Male) |
| 6:11 | Create | Villager (Male) |
| 6:12 | Create | Villager (Male) |
| 6:12 | Create | Villager (Male) |
| 6:24 | Build | House |
| 6:49 | Create | Villager (Male) |
| 6:50 | Create | Villager (Male) |
| 6:50 | Create | Villager (Male) |
| 6:50 | Create | Villager (Male) |
| 6:56 | Build | House |
| 7:51 | Create | Villager (Male) |
| 7:52 | Create | Villager (Male) |
| 7:52 | Create | Villager (Male) |
| 7:52 | Create | Villager (Male) |
| 8:16 | Create | Villager (Male) |
| 8:17 | Create | Villager (Male) |
| 8:29 | Create | Villager (Male) |
| 9:28 | Create | Villager (Male) |
| 9:52 | Build | House |
| 10:15 | Create | Villager (Male) |
| 10:20 | Create | Villager (Male) |
| 11:14 | Create | Villager (Male) |
| 11:22 | Build | Mill |
| 11:26 | Research | Loom |
| 11:55 | Research | Feudal Age |
| 11:56 | Research | Feudal Age |
| 12:41 | Build | House |
| 14:06 | Create | Villager (Male) |
| 14:07 | Create | Villager (Male) |
| 14:14 | Age | Feudal Age |
| 14:18 | Build | Market |
| 14:22 | Build | Blacksmith |
| 15:16 | Build | Mill |
| 15:30 | Research | Castle Age |
| 15:30 | Research | Castle Age |
| 16:12 | Build | Mule Cart |
| 16:19 | Research | Double-Bit Axe |
| 16:57 | Build | Palisade Gate |
| 17:01 | Build | House |
| 17:15 | Research | Horse Collar |
| 17:51 | Create | Villager (Male) |
| 17:51 | Create | Villager (Male) |
| 18:10 | Age | Castle Age |
| 18:13 | Create | Villager (Male) |
| 19:00 | Build | Monastery |
| 19:11 | Create | Villager (Male) |
| 19:11 | Create | Villager (Male) |
| 19:11 | Create | Villager (Male) |
| 19:11 | Create | Villager (Male) |
| 20:00 | Build | Castle |
| 20:08 | Build | Palisade Gate |
| 20:42 | Create | Villager (Male) |
| 20:42 | Create | Villager (Male) |
| 20:43 | Create | Villager (Male) |
| 20:43 | Create | Villager (Male) |
| 21:10 | Build | Siege Workshop |
| 21:24 | Build | Monastery |
| 21:45 | Build | Palisade Gate |
| 21:56 | Build | Palisade Gate |
| 22:07 | Create | Villager (Male) |
| 22:08 | Create | Villager (Male) |
| 22:08 | Create | Villager (Male) |
| 22:08 | Create | Villager (Male) |
| 22:13 | Create | Mangonel |
| 22:40 | Research | Town Watch |
| 22:40 | Research | Town Watch |
| 22:53 | Build | Farm |
| 22:53 | Build | Farm |
| 22:53 | Build | Farm |
| 22:54 | Build | Farm |
| 22:54 | Build | Farm |
| 22:55 | Build | Farm |
| 23:21 | Create | Monaspa |
| 23:22 | Create | Monaspa |
| 23:22 | Create | Monaspa |
| 23:43 | Create | Villager (Male) |
| 23:43 | Create | Villager (Male) |
| 23:56 | Build | House |
| 24:09 | Create | Villager (Male) |
Build order — Chigüiro
91 actions detected in the replay
| 0:35 | Build | Town Center |
| 1:04 | Build | House |
| 1:12 | Build | Town Center |
| 3:51 | Create | Villager (Male) |
| 3:51 | Create | Villager (Male) |
| 4:44 | Create | Villager (Male) |
| 4:45 | Create | Villager (Male) |
| 4:45 | Create | Villager (Male) |
| 5:15 | Research | Loom |
| 5:21 | Create | Villager (Male) |
| 5:22 | Create | Villager (Male) |
| 5:44 | Build | House |
| 6:01 | Create | Villager (Male) |
| 6:01 | Create | Villager (Male) |
| 6:33 | Create | Villager (Male) |
| 6:33 | Create | Villager (Male) |
| 6:33 | Create | Villager (Male) |
| 6:59 | Create | Villager (Male) |
| 7:07 | Create | Villager (Male) |
| 7:07 | Create | Villager (Male) |
| 7:18 | Create | Villager (Male) |
| 7:48 | Build | Lumber Camp |
| 7:53 | Create | Villager (Male) |
| 7:59 | Create | Villager (Male) |
| 8:00 | Create | Villager (Male) |
| 8:00 | Create | Villager (Male) |
| 8:18 | Create | Villager (Male) |
| 8:30 | Build | Palisade Wall |
| 8:32 | Build | Palisade Wall |
| 8:36 | Build | Palisade Wall |
| 8:39 | Build | Palisade Wall |
| 8:42 | Build | Palisade Wall |
| 8:49 | Build | Palisade Wall |
| 8:52 | Build | Palisade Wall |
| 8:56 | Build | Palisade Wall |
| 8:58 | Build | Palisade Wall |
| 9:01 | Build | Palisade Wall |
| 9:03 | Create | Villager (Male) |
| 9:15 | Create | Villager (Male) |
| 9:24 | Build | House |
| 10:11 | Build | Lumber Camp |
| 10:30 | Build | House |
| 10:34 | Create | Villager (Male) |
| 11:14 | Create | Villager (Male) |
| 12:37 | Build | Barracks |
| 12:43 | Build | Palisade Wall |
| 12:56 | Build | Palisade Wall |
| 13:00 | Create | Villager (Male) |
| 13:20 | Build | Palisade Wall |
| 13:22 | Research | Feudal Age |
| 13:31 | Build | Palisade Wall |
| 13:56 | Build | Mining Camp |
| 15:35 | Age | Feudal Age |
| 15:39 | Build | Blacksmith |
| 15:48 | Build | Mill |
| 15:50 | Create | Villager (Male) |
| 16:28 | Build | Palisade Wall |
| 16:31 | Build | House |
| 16:59 | Build | Market |
| 17:06 | Create | Villager (Male) |
| 17:51 | Create | Villager (Male) |
| 18:35 | Research | Castle Age |
| 18:44 | Build | Lumber Camp |
| 19:41 | Build | Watch Tower |
| 19:46 | Research | Double-Bit Axe |
| 20:34 | Build | Farm |
| 20:35 | Build | Farm |
| 20:37 | Build | Farm |
| 20:39 | Build | Farm |
| 20:43 | Build | Farm |
| 21:15 | Age | Castle Age |
| 21:17 | Build | Farm |
| 21:27 | Build | Monastery |
| 21:52 | Build | Mining Camp |
| 21:55 | Create | Villager (Male) |
| 21:56 | Create | Villager (Male) |
| 22:01 | Build | House |
| 22:04 | Build | House |
| 22:06 | Build | House |
| 22:08 | Build | House |
| 22:10 | Build | Palisade Wall |
| 22:45 | Build | Palisade Wall |
| 22:48 | Create | Villager (Male) |
| 22:49 | Create | Monk |
| 22:56 | Create | Villager (Male) |
| 23:09 | Build | Farm |
| 23:20 | Build | Siege Workshop |
| 23:42 | Create | Villager (Male) |
| 23:52 | Build | Mining Camp |
| 24:09 | Create | Monk |
| 24:11 | Create | Scorpion |
Build order — chaukimwa1991
First 150 of 349 actions detected
| 0:15 | Build | Town Center |
| 0:33 | Build | Lumber Camp |
| 0:42 | Build | Palisade Wall |
| 0:55 | Build | House |
| 1:22 | Build | Palisade Wall |
| 2:24 | Create | Villager (Male) |
| 2:24 | Create | Villager (Male) |
| 2:24 | Create | Villager (Male) |
| 2:24 | Create | Villager (Male) |
| 2:25 | Create | Villager (Male) |
| 3:47 | Build | House |
| 3:51 | Create | Villager (Male) |
| 3:51 | Create | Villager (Male) |
| 4:02 | Build | Palisade Wall |
| 4:14 | Create | Villager (Male) |
| 4:14 | Create | Villager (Male) |
| 4:45 | Create | Villager (Male) |
| 4:45 | Create | Villager (Male) |
| 5:14 | Create | Villager (Male) |
| 5:14 | Create | Villager (Male) |
| 5:32 | Build | Mill |
| 5:37 | Create | Villager (Male) |
| 5:38 | Create | Villager (Male) |
| 5:59 | Build | House |
| 6:02 | Create | Villager (Male) |
| 6:58 | Create | Villager (Male) |
| 6:59 | Create | Villager (Male) |
| 7:01 | Create | Villager (Male) |
| 7:02 | Create | Villager (Male) |
| 7:35 | Build | House |
| 7:37 | Create | Villager (Male) |
| 7:38 | Create | Villager (Male) |
| 8:18 | Build | Palisade Wall |
| 8:26 | Create | Villager (Male) |
| 8:49 | Create | Villager (Male) |
| 8:49 | Create | Villager (Male) |
| 8:56 | Build | Lumber Camp |
| 9:00 | Create | Villager (Male) |
| 9:24 | Create | Villager (Male) |
| 9:32 | Create | Villager (Male) |
| 9:53 | Create | Villager (Male) |
| 9:56 | Build | House |
| 10:31 | Research | Loom |
| 11:05 | Research | Feudal Age |
| 11:05 | Research | Feudal Age |
| 11:27 | Create | Villager (Male) |
| 11:46 | Build | Barracks |
| 12:43 | Build | House |
| 12:56 | Build | Palisade Wall |
| 12:59 | Build | Palisade Wall |
| 13:19 | Age | Feudal Age |
| 13:29 | Build | Watch Tower |
| 13:33 | Research | Double-Bit Axe |
| 13:37 | Build | Blacksmith |
| 13:56 | Create | Villager (Male) |
| 13:56 | Create | Villager (Male) |
| 14:00 | Build | Mining Camp |
| 14:26 | Build | Palisade Wall |
| 14:28 | Build | Palisade Wall |
| 14:32 | Build | Palisade Wall |
| 14:34 | Build | Palisade Wall |
| 14:36 | Create | Villager (Male) |
| 14:41 | Research | Fletching |
| 14:47 | Build | Palisade Gate |
| 14:54 | Build | Palisade Wall |
| 14:56 | Build | Palisade Wall |
| 15:10 | Create | Villager (Male) |
| 15:43 | Build | Palisade Wall |
| 15:46 | Create | Villager (Male) |
| 15:46 | Create | Villager (Male) |
| 16:04 | Build | Market |
| 16:06 | Build | Palisade Wall |
| 16:23 | Create | Villager (Male) |
| 16:37 | Build | Palisade Gate |
| 16:55 | Build | Palisade Wall |
| 16:58 | Build | Palisade Wall |
| 16:59 | Build | Palisade Gate |
| 17:01 | Build | Palisade Wall |
| 17:04 | Research | Castle Age |
| 17:04 | Research | Castle Age |
| 17:19 | Build | House |
| 17:24 | Build | Farm |
| 17:32 | Build | Farm |
| 17:34 | Build | Farm |
| 17:53 | Build | Farm |
| 17:54 | Build | Farm |
| 18:09 | Build | Farm |
| 18:22 | Build | Farm |
| 18:41 | Build | Farm |
| 18:55 | Build | Mining Camp |
| 19:21 | Research | Wheelbarrow |
| 19:21 | Create | Villager (Male) |
| 19:27 | Build | Outpost |
| 19:30 | Research | Town Watch |
| 19:30 | Create | Villager (Male) |
| 19:43 | Build | Outpost |
| 19:44 | Age | Castle Age |
| 19:56 | Research | Bow Saw |
| 20:06 | Build | Outpost |
| 20:18 | Create | Villager (Male) |
| 20:25 | Build | Farm |
| 20:25 | Build | Farm |
| 20:43 | Build | Farm |
| 20:46 | Build | Farm |
| 20:48 | Build | Farm |
| 20:57 | Build | Outpost |
| 21:03 | Research | Stone Mining |
| 21:15 | Create | Villager (Male) |
| 21:33 | Create | Villager (Male) |
| 21:46 | Build | House |
| 21:56 | Build | Town Center |
| 22:01 | Create | Villager (Male) |
| 22:01 | Create | Villager (Male) |
| 22:01 | Create | Villager (Male) |
| 22:07 | Build | Outpost |
| 22:19 | Build | Outpost |
| 22:21 | Build | Outpost |
| 22:29 | Research | Town Watch |
| 22:32 | Create | Villager (Male) |
| 22:47 | Create | Villager (Male) |
| 22:58 | Create | Villager (Male) |
| 23:05 | Build | Farm |
| 23:06 | Build | Farm |
| 23:07 | Build | Farm |
| 23:11 | Create | Villager (Male) |
| 23:27 | Build | Outpost |
| 23:28 | Create | Villager (Male) |
| 23:40 | Create | Villager (Male) |
| 23:47 | Build | Farm |
| 23:50 | Build | Farm |
| 23:52 | Build | Farm |
| 24:03 | Build | Outpost |
| 24:05 | Create | Villager (Male) |
| 24:05 | Create | Villager (Male) |
| 24:18 | Create | Villager (Male) |
| 24:21 | Research | Gold Mining |
| 24:26 | Build | Farm |
| 24:33 | Build | House |
| 24:33 | Build | House |
| 24:34 | Build | House |
| 24:46 | Create | Villager (Male) |
| 24:46 | Create | Villager (Male) |
| 24:47 | Create | Villager (Male) |
| 25:12 | Create | Villager (Male) |
| 25:14 | Create | Villager (Male) |
| 25:34 | Create | Villager (Male) |
| 25:35 | Create | Villager (Male) |
| 25:42 | Research | Horse Collar |
| 25:43 | Create | Villager (Male) |
| 25:52 | Build | Farm |
Build order — AkNeyls
150 actions detected in the replay
| 0:39 | Build | Town Center |
| 1:50 | Build | House |
| 3:19 | Create | Villager (Male) |
| 3:20 | Create | Villager (Male) |
| 3:20 | Create | Villager (Male) |
| 3:20 | Create | Villager (Male) |
| 3:20 | Create | Villager (Male) |
| 3:55 | Build | House |
| 4:39 | Build | Lumber Camp |
| 4:42 | Create | Villager (Male) |
| 4:43 | Create | Villager (Male) |
| 5:20 | Create | Villager (Male) |
| 5:20 | Create | Villager (Male) |
| 5:52 | Create | Villager (Male) |
| 5:53 | Create | Villager (Male) |
| 6:07 | Create | Villager (Male) |
| 6:07 | Create | Villager (Male) |
| 6:39 | Create | Villager (Male) |
| 6:39 | Create | Villager (Male) |
| 6:56 | Create | Villager (Male) |
| 6:56 | Create | Villager (Male) |
| 6:56 | Create | Villager (Male) |
| 7:03 | Build | House |
| 7:16 | Create | Villager (Male) |
| 7:17 | Create | Villager (Male) |
| 7:30 | Build | House |
| 8:02 | Create | Villager (Male) |
| 8:02 | Create | Villager (Male) |
| 8:12 | Create | Villager (Male) |
| 8:13 | Create | Villager (Male) |
| 8:20 | Create | Villager (Male) |
| 8:21 | Create | Villager (Male) |
| 8:40 | Create | Villager (Male) |
| 8:41 | Create | Villager (Male) |
| 8:41 | Create | Villager (Male) |
| 9:08 | Create | Villager (Male) |
| 9:09 | Create | Villager (Male) |
| 9:21 | Create | Villager (Male) |
| 9:21 | Create | Villager (Male) |
| 9:43 | Create | Villager (Male) |
| 9:43 | Create | Villager (Male) |
| 9:44 | Create | Villager (Male) |
| 9:44 | Create | Villager (Male) |
| 9:52 | Create | Villager (Male) |
| 9:52 | Create | Villager (Male) |
| 10:14 | Create | Villager (Male) |
| 10:14 | Create | Villager (Male) |
| 10:17 | Create | Villager (Male) |
| 10:17 | Create | Villager (Male) |
| 10:33 | Build | House |
| 10:55 | Create | Villager (Male) |
| 10:55 | Create | Villager (Male) |
| 11:09 | Build | Mill |
| 11:15 | Create | Villager (Male) |
| 11:16 | Create | Villager (Male) |
| 11:38 | Build | House |
| 11:40 | Build | Farm |
| 11:42 | Create | Villager (Male) |
| 11:42 | Create | Villager (Male) |
| 11:45 | Create | Villager (Male) |
| 11:45 | Create | Villager (Male) |
| 11:57 | Build | Dock |
| 12:21 | Create | Villager (Male) |
| 12:28 | Build | Mill |
| 12:34 | Create | Fishing Ship |
| 12:34 | Create | Fishing Ship |
| 12:41 | Build | Farm |
| 12:53 | Research | Feudal Age |
| 12:53 | Research | Feudal Age |
| 12:56 | Research | Loom |
| 12:56 | Research | Loom |
| 12:58 | Build | Farm |
| 13:43 | Create | Fishing Ship |
| 14:06 | Build | Barracks |
| 14:20 | Create | Fishing Ship |
| 14:20 | Create | Fishing Ship |
| 15:08 | Age | Feudal Age |
| 15:13 | Create | Villager (Male) |
| 15:13 | Create | Villager (Male) |
| 15:15 | Research | Double-Bit Axe |
| 15:15 | Research | Double-Bit Axe |
| 15:20 | Build | Archery Range |
| 15:21 | Build | Archery Range |
| 15:24 | Create | Villager (Male) |
| 15:27 | Create | Demolition Raft |
| 15:56 | Create | Demolition Raft |
| 15:58 | Create | Fishing Ship |
| 16:03 | Research | Tech 906 |
| 16:03 | Research | Tech 906 |
| 16:06 | Create | Villager (Male) |
| 16:14 | Build | Blacksmith |
| 16:35 | Create | Fishing Ship |
| 17:16 | Research | Castle Age |
| 17:17 | Research | Castle Age |
| 17:21 | Build | Market |
| 17:31 | Create | Fishing Ship |
| 18:11 | Build | Archery Range |
| 18:18 | Build | House |
| 18:26 | Research | Horse Collar |
| 18:39 | Build | Fish Trap |
| 18:45 | Research | Wheelbarrow |
| 18:45 | Research | Wheelbarrow |
| 19:15 | Build | Fish Trap |
| 19:21 | Build | Fish Trap |
| 19:33 | Create | Fishing Ship |
| 19:39 | Build | Mining Camp |
| 19:56 | Age | Castle Age |
| 19:57 | Research | Bow Saw |
| 19:57 | Research | Bow Saw |
| 20:05 | Build | House |
| 20:06 | Build | House |
| 20:07 | Build | House |
| 20:11 | Create | Villager (Male) |
| 20:12 | Create | Villager (Male) |
| 20:12 | Create | Villager (Male) |
| 20:21 | Build | Fish Trap |
| 20:28 | Research | Squires |
| 20:28 | Research | Squires |
| 20:32 | Create | Fire Lancer |
| 20:33 | Create | Fire Lancer |
| 20:33 | Create | Fire Lancer |
| 20:33 | Create | Fire Lancer |
| 21:19 | Create | Villager (Male) |
| 21:19 | Create | Villager (Male) |
| 21:24 | Create | Villager (Male) |
| 21:24 | Create | Villager (Male) |
| 21:41 | Create | Fire Lancer |
| 21:42 | Create | Fire Lancer |
| 21:53 | Build | Fish Trap |
| 22:01 | Build | Fish Trap |
| 22:14 | Build | Fish Trap |
| 22:18 | Build | Fish Trap |
| 22:22 | Create | Villager (Male) |
| 22:22 | Create | Villager (Male) |
| 22:23 | Create | Villager (Male) |
| 22:33 | Build | Town Center |
| 22:40 | Create | Villager (Male) |
| 22:40 | Create | Villager (Male) |
| 22:40 | Create | Villager (Male) |
| 22:46 | Build | House |
| 22:48 | Build | House |
| 23:04 | Research | Scale Mail Armor |
| 23:05 | Research | Scale Mail Armor |
| 23:41 | Create | Fire Lancer |
| 23:41 | Create | Fire Lancer |
| 23:47 | Create | Villager (Male) |
| 23:47 | Create | Villager (Male) |
| 23:47 | Create | Villager (Male) |
| 23:48 | Create | Villager (Male) |
| 23:56 | Build | House |
Build order — Heztai
First 150 of 190 actions detected
| 0:51 | Build | Town Center |
| 2:13 | Build | Mill |
| 2:19 | Build | House |
| 2:21 | Build | House |
| 3:06 | Create | Villager (Male) |
| 3:07 | Create | Villager (Male) |
| 3:07 | Create | Villager (Male) |
| 3:08 | Create | Villager (Male) |
| 3:08 | Create | Villager (Male) |
| 3:13 | Research | Loom |
| 4:14 | Create | Villager (Male) |
| 5:29 | Create | Villager (Male) |
| 5:30 | Create | Villager (Male) |
| 6:09 | Create | Villager (Male) |
| 6:09 | Create | Villager (Male) |
| 6:09 | Create | Villager (Male) |
| 6:51 | Create | Villager (Male) |
| 6:51 | Create | Villager (Male) |
| 7:06 | Create | Villager (Male) |
| 7:06 | Create | Villager (Male) |
| 7:14 | Build | House |
| 7:15 | Build | House |
| 7:24 | Build | Lumber Camp |
| 7:56 | Create | Villager (Male) |
| 7:56 | Create | Villager (Male) |
| 7:56 | Create | Villager (Male) |
| 8:30 | Create | Villager (Male) |
| 8:30 | Create | Villager (Male) |
| 9:12 | Create | Villager (Male) |
| 9:13 | Create | Villager (Male) |
| 9:29 | Create | Villager (Male) |
| 9:56 | Create | Villager (Male) |
| 10:28 | Create | Villager (Male) |
| 10:40 | Create | Villager (Male) |
| 10:57 | Build | House |
| 11:34 | Create | Villager (Male) |
| 11:35 | Create | Villager (Male) |
| 12:25 | Research | Feudal Age |
| 12:26 | Research | Feudal Age |
| 13:24 | Create | Villager (Male) |
| 13:24 | Create | Villager (Male) |
| 14:35 | Age | Feudal Age |
| 15:01 | Create | Villager (Male) |
| 15:10 | Build | Market |
| 15:21 | Build | Blacksmith |
| 15:34 | Build | Barracks |
| 15:50 | Build | Farm |
| 15:51 | Build | Farm |
| 15:52 | Build | Farm |
| 15:53 | Build | Farm |
| 16:26 | Build | Farm |
| 16:27 | Build | Farm |
| 16:29 | Build | Farm |
| 16:45 | Build | Mining Camp |
| 17:07 | Research | Castle Age |
| 17:29 | Build | House |
| 17:40 | Build | Stone Wall |
| 17:47 | Build | Gate |
| 18:00 | Build | House |
| 18:02 | Build | House |
| 18:04 | Build | House |
| 18:52 | Create | Spearman |
| 18:52 | Create | Spearman |
| 18:55 | Create | Spearman |
| 19:11 | Build | Donjon |
| 19:47 | Age | Castle Age |
| 20:01 | Create | Villager (Male) |
| 20:10 | Build | Farm |
| 20:48 | Build | Siege Workshop |
| 21:09 | Create | Villager (Male) |
| 21:09 | Create | Villager (Male) |
| 21:41 | Build | Town Center |
| 21:44 | Create | Villager (Male) |
| 21:44 | Create | Villager (Male) |
| 22:10 | Create | Serjeant |
| 22:16 | Research | Wheelbarrow |
| 22:24 | Create | Villager (Male) |
| 22:24 | Create | Villager (Male) |
| 22:39 | Create | Villager (Male) |
| 22:39 | Create | Villager (Male) |
| 23:00 | Research | Double-Bit Axe |
| 23:02 | Create | Villager (Male) |
| 23:03 | Create | Villager (Male) |
| 23:13 | Create | Villager (Male) |
| 23:20 | Build | Farm |
| 23:21 | Build | Farm |
| 23:23 | Build | Farm |
| 23:26 | Build | Farm |
| 24:01 | Create | Villager (Male) |
| 24:01 | Create | Villager (Male) |
| 24:07 | Create | Villager (Male) |
| 24:30 | Build | Farm |
| 24:36 | Create | Villager (Male) |
| 24:55 | Create | Mangonel |
| 25:23 | Create | Villager (Male) |
| 25:23 | Create | Villager (Male) |
| 25:23 | Create | Villager (Male) |
| 25:24 | Create | Villager (Male) |
| 25:29 | Create | Villager (Male) |
| 25:29 | Create | Villager (Male) |
| 25:30 | Create | Villager (Male) |
| 25:51 | Create | Villager (Male) |
| 25:51 | Create | Villager (Male) |
| 25:51 | Create | Villager (Male) |
| 26:42 | Research | Coinage |
| 27:12 | Build | Farm |
| 27:17 | Research | Horse Collar |
| 27:41 | Create | Villager (Male) |
| 27:41 | Create | Villager (Male) |
| 27:41 | Create | Villager (Male) |
| 27:42 | Create | Villager (Male) |
| 28:09 | Create | Villager (Male) |
| 28:44 | Create | Villager (Male) |
| 28:44 | Create | Villager (Male) |
| 28:45 | Create | Villager (Male) |
| 28:45 | Create | Villager (Male) |
| 28:45 | Create | Villager (Male) |
| 29:00 | Build | Lumber Camp |
| 29:20 | Create | Villager (Male) |
| 29:20 | Create | Villager (Male) |
| 29:43 | Create | Battering Ram |
| 29:52 | Build | House |
| 29:53 | Build | House |
| 29:54 | Build | House |
| 29:55 | Build | House |
| 29:56 | Build | House |
| 29:57 | Build | House |
| 30:06 | Build | Farm |
| 30:07 | Build | Farm |
| 30:09 | Build | Farm |
| 30:10 | Build | Farm |
| 30:53 | Create | Villager (Male) |
| 30:54 | Create | Villager (Male) |
| 30:55 | Create | Villager (Male) |
| 31:10 | Build | Town Center |
| 31:33 | Create | Battering Ram |
| 31:49 | Build | Mining Camp |
| 32:31 | Build | Farm |
| 32:38 | Build | Farm |
| 32:39 | Build | Farm |
| 32:40 | Build | Farm |
| 32:44 | Build | Farm |
| 32:46 | Build | Farm |
| 32:48 | Build | Farm |
| 32:53 | Build | Farm |
| 33:00 | Build | Farm |
| 33:04 | Research | Gold Mining |
| 33:33 | Create | Villager (Male) |
| 33:34 | Create | Villager (Male) |
| 33:34 | Create | Villager (Male) |
Build order — NSlade8863
First 150 of 202 actions detected
| 0:47 | Build | Town Center |
| 0:54 | Build | House |
| 3:20 | Create | Villager (Male) |
| 3:21 | Create | Villager (Male) |
| 3:21 | Create | Villager (Male) |
| 3:21 | Create | Villager (Male) |
| 3:22 | Create | Villager (Male) |
| 3:23 | Research | Loom |
| 3:24 | Create | Villager (Male) |
| 3:25 | Create | Villager (Male) |
| 3:25 | Create | Villager (Male) |
| 3:26 | Build | House |
| 4:18 | Create | Villager (Male) |
| 5:31 | Create | Villager (Male) |
| 5:31 | Create | Villager (Male) |
| 5:31 | Create | Villager (Male) |
| 5:54 | Build | House |
| 6:32 | Create | Villager (Male) |
| 6:32 | Create | Villager (Male) |
| 6:32 | Create | Villager (Male) |
| 6:52 | Create | Villager (Male) |
| 6:53 | Create | Villager (Male) |
| 6:57 | Build | Lumber Camp |
| 7:06 | Create | Villager (Male) |
| 7:30 | Create | Villager (Male) |
| 8:02 | Create | Villager (Male) |
| 8:23 | Create | Villager (Male) |
| 8:57 | Create | Villager (Male) |
| 9:16 | Create | Villager (Male) |
| 9:40 | Build | Mill |
| 9:44 | Build | House |
| 9:49 | Create | Villager (Male) |
| 10:08 | Create | Villager (Male) |
| 10:42 | Create | Villager (Male) |
| 10:49 | Create | Villager (Male) |
| 11:24 | Build | Mining Camp |
| 11:31 | Research | Feudal Age |
| 12:37 | Build | Barracks |
| 12:47 | Build | Palisade Wall |
| 12:49 | Build | Palisade Wall |
| 12:55 | Build | Palisade Wall |
| 13:17 | Build | House |
| 13:24 | Build | Palisade Wall |
| 13:27 | Build | Palisade Wall |
| 13:39 | Build | Palisade Wall |
| 13:41 | Build | Palisade Wall |
| 14:08 | Create | Villager (Male) |
| 14:21 | Build | Archery Range |
| 14:23 | Create | Villager (Male) |
| 14:26 | Research | Double-Bit Axe |
| 14:39 | Build | House |
| 14:47 | Create | Villager (Male) |
| 15:11 | Build | Blacksmith |
| 15:13 | Create | Archer |
| 15:18 | Build | Blacksmith |
| 15:20 | Create | Villager (Male) |
| 15:23 | Create | Archer |
| 15:36 | Build | House |
| 16:06 | Create | Archer |
| 16:13 | Research | Fletching |
| 16:24 | Create | Archer |
| 16:31 | Build | Archery Range |
| 16:37 | Create | Archer |
| 16:47 | Create | Archer |
| 16:47 | Create | Archer |
| 16:48 | Create | Villager (Male) |
| 16:49 | Create | Villager (Male) |
| 16:58 | Build | House |
| 17:08 | Research | Padded Archer Armor |
| 17:10 | Create | Villager (Male) |
| 17:14 | Build | Mill |
| 17:22 | Create | Archer |
| 17:25 | Create | Villager (Male) |
| 17:41 | Create | Villager (Male) |
| 17:51 | Research | Horse Collar |
| 17:55 | Create | Archer |
| 17:55 | Create | Archer |
| 18:01 | Create | Villager (Male) |
| 18:08 | Build | Farm |
| 18:09 | Build | Farm |
| 18:17 | Create | Archer |
| 18:17 | Create | Archer |
| 18:30 | Create | Villager (Male) |
| 18:35 | Create | Villager (Male) |
| 18:40 | Create | Spearman |
| 18:44 | Create | Villager (Male) |
| 18:49 | Research | Town Watch |
| 18:54 | Create | Spearman |
| 18:58 | Create | Villager (Male) |
| 19:05 | Create | Archer |
| 19:05 | Create | Archer |
| 19:06 | Create | Archer |
| 19:25 | Create | Spearman |
| 19:29 | Build | House |
| 19:30 | Build | House |
| 19:44 | Create | Archer |
| 19:45 | Create | Archer |
| 19:51 | Research | Wheelbarrow |
| 20:00 | Build | Farm |
| 20:02 | Build | Farm |
| 20:04 | Build | Farm |
| 20:30 | Create | Villager (Male) |
| 20:34 | Build | House |
| 20:35 | Build | House |
| 20:45 | Create | Archer |
| 20:45 | Create | Archer |
| 21:59 | Research | Castle Age |
| 22:17 | Build | Mill |
| 22:25 | Build | House |
| 22:57 | Build | House |
| 23:01 | Build | House |
| 23:04 | Build | House |
| 24:23 | Build | Lumber Camp |
| 24:42 | Build | Town Center |
| 24:47 | Research | Crossbowman (upgrade) |
| 25:45 | Build | Town Center |
| 25:49 | Create | Villager (Male) |
| 25:50 | Create | Villager (Male) |
| 26:01 | Build | Market |
| 26:43 | Build | House |
| 26:44 | Build | House |
| 26:49 | Create | Villager (Male) |
| 26:50 | Create | Villager (Male) |
| 27:12 | Build | Blacksmith |
| 27:41 | Create | Villager (Male) |
| 27:41 | Create | Villager (Male) |
| 27:49 | Create | Villager (Male) |
| 27:57 | Create | Villager (Male) |
| 28:08 | Research | Bodkin Arrow |
| 28:17 | Build | House |
| 28:19 | Build | House |
| 28:22 | Build | House |
| 28:34 | Build | Archery Range |
| 28:46 | Build | Mill |
| 28:50 | Create | Villager (Male) |
| 28:50 | Create | Villager (Male) |
| 29:05 | Build | Archery Range |
| 29:10 | Build | House |
| 29:37 | Create | Cavalry Archer |
| 29:38 | Create | Cavalry Archer |
| 29:38 | Create | Cavalry Archer |
| 29:38 | Create | Cavalry Archer |
| 29:42 | Build | House |
| 29:43 | Build | House |
| 30:02 | Build | House |
| 30:05 | Build | House |
| 30:20 | Build | Mining Camp |
| 30:28 | Create | Cavalry Archer |
| 30:28 | Create | Cavalry Archer |
| 30:36 | Build | Stable |
Build order — Klingon86
First 150 of 414 actions detected
| 0:12 | Build | House |
| 0:17 | Build | Town Center |
| 2:45 | Create | Villager (Male) ×4 |
| 2:45 | Create | Villager (Male) ×4 |
| 2:45 | Create | Villager (Male) ×4 |
| 4:09 | Build | Lumber Camp |
| 4:13 | Create | Villager (Male) |
| 4:35 | Create | Villager (Male) |
| 4:35 | Create | Villager (Male) |
| 4:58 | Build | House |
| 5:06 | Create | Villager (Male) |
| 5:07 | Create | Villager (Male) |
| 5:34 | Create | Villager (Male) |
| 5:34 | Create | Villager (Male) |
| 5:48 | Create | Villager (Male) |
| 6:10 | Research | Loom |
| 6:36 | Create | Villager (Male) |
| 6:36 | Create | Villager (Male) |
| 6:37 | Create | Villager (Male) |
| 7:16 | Create | Villager (Male) |
| 7:17 | Create | Villager (Male) |
| 7:35 | Build | House |
| 7:53 | Build | Mill |
| 8:24 | Build | House |
| 8:51 | Create | Villager (Male) |
| 8:51 | Create | Villager (Male) |
| 9:34 | Build | House |
| 9:47 | Create | Villager (Male) |
| 9:52 | Create | Villager (Male) |
| 10:15 | Create | Villager (Male) |
| 10:37 | Create | Villager (Male) |
| 10:54 | Research | Feudal Age |
| 11:49 | Build | Barracks |
| 12:01 | Create | Villager (Male) |
| 13:15 | Age | Feudal Age |
| 13:15 | Research | Wheelbarrow |
| 13:16 | Research | Wheelbarrow |
| 13:16 | Research | Double-Bit Axe |
| 13:22 | Build | Stable |
| 13:25 | Create | Villager (Male) |
| 13:25 | Create | Villager (Male) |
| 13:49 | Build | Stable |
| 14:28 | Create | Scout Cavalry |
| 14:28 | Create | Scout Cavalry |
| 14:34 | Build | Blacksmith |
| 14:37 | Build | House |
| 14:55 | Build | House |
| 14:57 | Build | Palisade Wall |
| 15:02 | Build | House |
| 15:04 | Build | Palisade Wall |
| 15:05 | Build | Palisade Wall |
| 15:06 | Create | Villager (Male) |
| 15:11 | Create | Scout Cavalry |
| 15:11 | Create | Scout Cavalry |
| 15:12 | Create | Scout Cavalry |
| 15:20 | Research | Horse Collar |
| 15:23 | Create | Villager (Male) |
| 15:23 | Create | Villager (Male) |
| 15:42 | Build | House |
| 15:46 | Build | Palisade Wall |
| 15:59 | Build | Palisade Wall |
| 16:05 | Build | Palisade Wall |
| 16:07 | Build | Palisade Wall |
| 16:17 | Build | Mill |
| 16:24 | Create | Villager (Male) |
| 16:26 | Create | Scout Cavalry |
| 16:26 | Create | Scout Cavalry |
| 16:27 | Create | Scout Cavalry |
| 16:38 | Create | Villager (Male) |
| 17:06 | Build | Market |
| 17:08 | Build | Palisade Wall |
| 17:10 | Create | Villager (Male) |
| 17:20 | Build | Mining Camp |
| 17:29 | Create | Villager (Male) |
| 18:00 | Create | Villager (Male) |
| 18:09 | Build | Farm |
| 18:17 | Build | Farm |
| 18:29 | Create | Villager (Male) |
| 18:32 | Build | Farm |
| 18:46 | Build | Palisade Wall |
| 18:56 | Create | Villager (Male) |
| 19:16 | Build | Mining Camp |
| 19:28 | Research | Castle Age |
| 19:28 | Research | Castle Age |
| 19:44 | Research | Forging |
| 19:50 | Build | House |
| 20:04 | Build | Lumber Camp |
| 20:10 | Build | Farm |
| 20:51 | Build | House |
| 20:53 | Research | Bloodlines |
| 21:07 | Research | Scale Barding Armor |
| 21:24 | Build | House |
| 21:59 | Build | House |
| 22:10 | Age | Castle Age |
| 22:23 | Research | Iron Casting |
| 22:27 | Create | Villager (Male) |
| 22:28 | Create | Villager (Male) |
| 22:30 | Research | Bow Saw |
| 22:45 | Research | Light Cavalry (upgrade) |
| 22:55 | Create | Villager (Male) |
| 23:00 | Build | Town Center |
| 23:20 | Create | Villager (Male) |
| 23:44 | Create | Villager (Male) |
| 24:00 | Create | Villager (Male) |
| 24:04 | Build | Town Center |
| 24:21 | Create | Villager (Male) |
| 24:26 | Create | Villager (Male) |
| 24:26 | Create | Villager (Male) |
| 24:27 | Create | Villager (Male) |
| 24:46 | Build | Town Center |
| 24:48 | Create | Villager (Male) |
| 24:52 | Research | Heavy Plow |
| 25:01 | Build | Lumber Camp |
| 26:00 | Create | Villager (Male) |
| 26:01 | Create | Villager (Male) |
| 26:01 | Create | Villager (Male) |
| 26:01 | Create | Villager (Male) |
| 26:22 | Create | Villager (Male) |
| 26:22 | Create | Villager (Male) |
| 26:22 | Create | Villager (Male) |
| 26:25 | Build | Farm |
| 26:25 | Build | Farm |
| 26:25 | Build | Farm |
| 26:26 | Build | Farm |
| 26:45 | Create | Villager (Male) |
| 26:46 | Create | Villager (Male) |
| 26:46 | Create | Villager (Male) |
| 26:47 | Build | Mill |
| 26:48 | Build | Farm |
| 26:49 | Build | Farm |
| 26:49 | Build | Farm |
| 26:49 | Build | Farm |
| 26:49 | Build | Farm |
| 26:50 | Build | Farm |
| 26:50 | Build | Farm |
| 26:52 | Create | Villager (Male) |
| 26:52 | Create | Villager (Male) |
| 26:52 | Create | Villager (Male) |
| 27:00 | Create | Villager (Male) |
| 27:00 | Create | Villager (Male) |
| 27:00 | Create | Villager (Male) |
| 27:36 | Research | Fletching |
| 27:47 | Build | Lumber Camp |
| 27:49 | Create | Villager (Male) |
| 27:49 | Create | Villager (Male) |
| 27:50 | Create | Villager (Male) |
| 28:02 | Build | Siege Workshop |
| 28:23 | Create | Scorpion |
| 28:23 | Create | Scorpion |
| 28:40 | Build | Farm |
Match timeline
| 0:42 | chaukimwa1991 · wall_segment Palisade Wall x1 |
| 1:22 | chaukimwa1991 · wall_segment Palisade Wall x1 |
| 4:02 | chaukimwa1991 · wall_segment Palisade Wall x1 |
| 8:18 | chaukimwa1991 · wall_segment Palisade Wall x1 |
| 8:30 | Chigüiro · wall_segment Palisade Wall x1 |
| 8:32 | Chigüiro · wall_segment Palisade Wall x1 |
| 8:36 | Chigüiro · wall_segment Palisade Wall x1 |
| 8:39 | Chigüiro · wall_segment Palisade Wall x1 |
| 8:42 | Chigüiro · wall_segment Palisade Wall x1 |
| 8:49 | Chigüiro · wall_segment Palisade Wall x1 |
| 8:52 | Chigüiro · wall_segment Palisade Wall x1 |
| 8:56 | Chigüiro · wall_segment Palisade Wall x1 |
| 8:58 | Chigüiro · wall_segment Palisade Wall x1 |
| 9:01 | Chigüiro · wall_segment Palisade Wall x1 |
| 10:35 | eletronvalente · wall_segment Palisade Wall x8 |
| 11:46 | chaukimwa1991 · first_building Barracks |
| 11:49 | Klingon86 · first_building Barracks |
| 11:57 | AkNeyls · first_building Dock |
| 12:00 | eletronvalente · age_up feudal |
| 12:37 | NSlade8863 · first_building Barracks |
| 12:37 | Chigüiro · first_building Barracks |
| 12:43 | Chigüiro · wall_segment Palisade Wall x7 |
| 12:47 | NSlade8863 · wall_segment Palisade Wall x4 |
| 12:49 | NSlade8863 · wall_segment Palisade Wall x3 |
| 12:55 | NSlade8863 · wall_segment Palisade Wall x1 |
| 12:56 | Chigüiro · wall_segment Palisade Wall x2 |
| 12:56 | chaukimwa1991 · wall_segment Palisade Wall x1 |
| 12:59 | chaukimwa1991 · wall_segment Palisade Wall x1 |
| 13:15 | Klingon86 · age_up feudal |
| 13:19 | chaukimwa1991 · age_up feudal |
| 13:20 | Chigüiro · wall_segment Palisade Wall x5 |
| 13:22 | Klingon86 · first_building Stable |
| 13:24 | NSlade8863 · wall_segment Palisade Wall x1 |
| 13:27 | NSlade8863 · wall_segment Palisade Wall x2 |
| 13:31 | Chigüiro · wall_segment Palisade Wall x1 |
| 13:39 | NSlade8863 · wall_segment Palisade Wall x4 |
| 13:41 | NSlade8863 · wall_segment Palisade Wall x5 |
| 13:44 | eletronvalente · first_building Barracks |
| 14:03 | eletronvalente · first_market_buy 100 food |
| 14:06 | AkNeyls · first_building Barracks |
| 14:14 | Jarl__UA · age_up feudal |
| 14:21 | NSlade8863 · first_building Archery Range |
| 14:26 | chaukimwa1991 · wall_segment Palisade Wall x3 |
| 14:28 | chaukimwa1991 · wall_segment Palisade Wall x8 |
| 14:32 | chaukimwa1991 · wall_segment Palisade Wall x4 |
| 14:34 | chaukimwa1991 · wall_segment Palisade Wall x13 |
| 14:35 | Heztai · age_up feudal |
| 14:37 | eletronvalente · first_market_sell 500 wood |
| 14:54 | chaukimwa1991 · wall_segment Palisade Wall x8 |
| 14:56 | chaukimwa1991 · wall_segment Palisade Wall x3 |
| 14:57 | Klingon86 · wall_segment Palisade Wall x4 |
| 15:04 | Klingon86 · wall_segment Palisade Wall x1 |
| 15:05 | Klingon86 · wall_segment Palisade Wall x1 |
| 15:08 | AkNeyls · age_up feudal |
| 15:11 | eletronvalente · wall_segment Palisade Wall x10 |
| 15:20 | AkNeyls · first_building Archery Range |
| 15:34 | Heztai · first_building Barracks |
| 15:35 | Chigüiro · age_up feudal |
| 15:43 | chaukimwa1991 · wall_segment Palisade Wall x1 |
| 15:44 | eletronvalente · first_building Stable |
| 15:46 | Klingon86 · wall_segment Palisade Wall x10 |
| 15:59 | Klingon86 · wall_segment Palisade Wall x8 |
| 16:05 | Klingon86 · wall_segment Palisade Wall x7 |
| 16:06 | chaukimwa1991 · wall_segment Palisade Wall x3 |
| 16:07 | Klingon86 · wall_segment Palisade Wall x6 |
| 16:28 | Chigüiro · wall_segment Palisade Wall x1 |
| 16:55 | chaukimwa1991 · wall_segment Palisade Wall x1 |
| 16:58 | chaukimwa1991 · wall_segment Palisade Wall x3 |
| 17:01 | chaukimwa1991 · wall_segment Palisade Wall x5 |
| 17:08 | Klingon86 · wall_segment Palisade Wall x3 |
| 17:27 | eletronvalente · age_up castle |
| 17:40 | Heztai · wall_segment Stone Wall x15 |
| 17:55 | Chigüiro · first_market_sell 100 stone |
| 18:00 | Chigüiro · first_market_buy 100 food |
| 18:00 | Jarl__UA · first_market_buy 100 stone |
| 18:04 | Jarl__UA · first_market_sell 100 food |
| 18:10 | Jarl__UA · age_up castle |
| 18:46 | Klingon86 · wall_segment Palisade Wall x7 |
| 19:00 | Jarl__UA · first_building Monastery |
| 19:11 | Heztai · first_building Donjon |
| 19:44 | chaukimwa1991 · age_up castle |
| 19:47 | Heztai · age_up castle |
| 19:56 | AkNeyls · age_up castle |
| 19:57 | eletronvalente · first_building Siege Workshop |
| 20:00 | Jarl__UA · first_building Castle |
| 20:37 | Heztai · first_market_sell 100 wood |
| 20:39 | Heztai · first_market_buy 100 stone |
| 20:48 | Heztai · first_building Siege Workshop |
| 21:10 | Jarl__UA · first_building Siege Workshop |
| 21:15 | Chigüiro · age_up castle |
| 21:27 | Chigüiro · first_building Monastery |
| 22:10 | Chigüiro · wall_segment Palisade Wall x1 |
| 22:10 | Klingon86 · age_up castle |
| 22:45 | Chigüiro · wall_segment Palisade Wall x1 |
| 23:20 | Chigüiro · first_building Siege Workshop |
| 24:09 | AkNeyls · resign |
| 24:42 | Klingon86 · first_market_sell 100 food |
| 24:43 | Klingon86 · first_market_buy 100 stone |
| 28:02 | Klingon86 · first_building Siege Workshop |
| 28:06 | Heztai · tribute_sent a jugador 1 |
| 28:06 | Heztai · tribute_sent a jugador 2 |
| 28:06 | Heztai · tribute_sent a jugador 3 |
| 28:06 | Heztai · tribute_sent a jugador 4 |
| 28:06 | Heztai · tribute_sent a jugador 5 |
| 28:06 | Heztai · tribute_sent a jugador 7 |
| 28:06 | Heztai · tribute_sent a jugador 8 |
| 28:08 | NSlade8863 · first_market_buy 100 food |
| 29:16 | chaukimwa1991 · first_building Castle |
| 29:17 | Heztai · tribute_sent a jugador 1 |
| 29:17 | Heztai · tribute_sent a jugador 2 |
| 29:17 | Heztai · tribute_sent a jugador 3 |
| 29:17 | Heztai · tribute_sent a jugador 4 |
| 29:17 | Heztai · tribute_sent a jugador 5 |
| 29:17 | Heztai · tribute_sent a jugador 7 |
| 29:17 | Heztai · tribute_sent a jugador 8 |
| 29:20 | Klingon86 · first_building Monastery |
| 30:36 | NSlade8863 · first_building Stable |
| 30:44 | chaukimwa1991 · first_building Stable |
| 30:44 | NSlade8863 · wall_segment Palisade Wall x1 |
| 30:45 | Heztai · tribute_sent a jugador 1 |
| 30:45 | Heztai · tribute_sent a jugador 2 |
| 30:45 | Heztai · tribute_sent a jugador 3 |
| 30:45 | Heztai · tribute_sent a jugador 4 |
| 30:45 | Heztai · tribute_sent a jugador 5 |
| 30:45 | Heztai · tribute_sent a jugador 7 |
| 30:45 | Heztai · tribute_sent a jugador 8 |
| 32:17 | Heztai · tribute_sent a jugador 1 |
| 32:17 | Heztai · tribute_sent a jugador 2 |
| 32:17 | Heztai · tribute_sent a jugador 3 |
| 32:17 | Heztai · tribute_sent a jugador 4 |
| 32:17 | Heztai · tribute_sent a jugador 5 |
| 32:17 | Heztai · tribute_sent a jugador 7 |
| 32:17 | Heztai · tribute_sent a jugador 8 |
| 33:16 | Heztai · tribute_sent a jugador 1 |
| 33:16 | Heztai · tribute_sent a jugador 2 |
| 33:16 | Heztai · tribute_sent a jugador 3 |
| 33:16 | Heztai · tribute_sent a jugador 4 |
| 33:16 | Heztai · tribute_sent a jugador 5 |
| 33:16 | Heztai · tribute_sent a jugador 7 |
| 33:16 | Heztai · tribute_sent a jugador 8 |
| 33:52 | eletronvalente · age_up imperial |
| 34:01 | NSlade8863 · first_building Castle |
| 34:09 | Heztai · tribute_sent a jugador 1 |
| 34:09 | Heztai · tribute_sent a jugador 2 |
| 34:09 | Heztai · tribute_sent a jugador 3 |
| 34:09 | Heztai · tribute_sent a jugador 4 |
| 34:09 | Heztai · tribute_sent a jugador 5 |
| 34:09 | Heztai · tribute_sent a jugador 7 |
| 34:09 | Heztai · tribute_sent a jugador 8 |
| 34:13 | NSlade8863 · wall_segment Palisade Wall x1 |
| 34:16 | Heztai · tribute_sent a jugador 1 |
| 34:16 | Heztai · tribute_sent a jugador 2 |
| 34:16 | Heztai · tribute_sent a jugador 3 |
| 34:16 | Heztai · tribute_sent a jugador 4 |
| 34:17 | Heztai · tribute_sent a jugador 5 |
| 34:17 | Heztai · tribute_sent a jugador 7 |
| 34:17 | Heztai · tribute_sent a jugador 8 |
| 34:52 | Heztai · tribute_sent a jugador 1 |
| 34:52 | Heztai · tribute_sent a jugador 2 |
| 34:52 | Heztai · tribute_sent a jugador 3 |
| 34:52 | Heztai · tribute_sent a jugador 4 |
| 34:52 | Heztai · tribute_sent a jugador 5 |
| 34:52 | Heztai · tribute_sent a jugador 7 |
| 34:52 | Heztai · tribute_sent a jugador 8 |
| 35:22 | Klingon86 · age_up imperial |
| 35:42 | Heztai · tribute_sent a jugador 1 |
| 35:42 | Heztai · tribute_sent a jugador 2 |
| 35:42 | Heztai · tribute_sent a jugador 3 |
| 35:42 | Heztai · tribute_sent a jugador 4 |
| 35:42 | Heztai · tribute_sent a jugador 5 |
| 35:42 | Heztai · tribute_sent a jugador 7 |
| 35:42 | Heztai · tribute_sent a jugador 8 |
| 35:50 | NSlade8863 · first_market_sell 100 stone |
| 36:03 | chaukimwa1991 · first_market_sell 100 food |
| 36:08 | Heztai · tribute_sent a jugador 1 |
| 36:08 | Heztai · tribute_sent a jugador 2 |
| 36:08 | Heztai · tribute_sent a jugador 3 |
| 36:08 | Heztai · tribute_sent a jugador 4 |
| 36:08 | Heztai · tribute_sent a jugador 5 |
| 36:08 | Heztai · tribute_sent a jugador 7 |
| 36:08 | Heztai · tribute_sent a jugador 8 |
| 36:52 | Heztai · tribute_sent a jugador 1 |
| 36:52 | Heztai · tribute_sent a jugador 2 |
| 36:52 | Heztai · tribute_sent a jugador 3 |
| 36:52 | Heztai · tribute_sent a jugador 4 |
| 36:52 | Heztai · tribute_sent a jugador 5 |
| 36:52 | Heztai · tribute_sent a jugador 7 |
| 36:52 | Heztai · tribute_sent a jugador 8 |
| 37:12 | Klingon86 · first_building Castle |
| 38:14 | Heztai · first_building Castle |
| 38:27 | Heztai · first_building Stable |
| 39:15 | chaukimwa1991 · age_up imperial |
| 40:45 | eletronvalente · first_building Castle |
| 41:28 | NSlade8863 · wall_segment Palisade Wall x1 |
| 41:29 | NSlade8863 · wall_segment Palisade Wall x1 |
| 41:30 | NSlade8863 · wall_segment Palisade Wall x1 |
| 41:31 | NSlade8863 · wall_segment Palisade Wall x1 |
| 41:33 | NSlade8863 · wall_segment Palisade Wall x1 |
| 41:35 | chaukimwa1991 · wall_segment Palisade Wall x1 |
| 41:36 | chaukimwa1991 · wall_segment Palisade Wall x3 |
| 41:39 | chaukimwa1991 · wall_segment Palisade Wall x2 |
| 41:42 | chaukimwa1991 · wall_segment Palisade Wall x1 |
| 42:18 | chaukimwa1991 · wall_segment Palisade Wall x5 |
| 42:33 | NSlade8863 · wall_segment Stone Wall x1 |
| 42:37 | NSlade8863 · wall_segment Stone Wall x1 |
| 42:40 | NSlade8863 · wall_segment Stone Wall x1 |
| 42:44 | NSlade8863 · wall_segment Stone Wall x1 |
| 43:08 | Heztai · age_up imperial |
| 43:41 | chaukimwa1991 · first_building Monastery |
[ AI ANALYSIS · 1 CREDIT ]
What really happened in this match?
Wolo.gg analyzes every decision: build order, eco, micro, common mistakes by bracket. Personalized analysis on WhatsApp or Discord in 30 seconds.
Civ guide
Persians
Perfil
Jugador #23800833